 Dungeon Crawl Stone Soup version 0.32-a0-868-g153ae1a8d6 (webtiles) character file.

Game seed: 13113111359074692882

2776 Fodor the Cleaver (level 9, 0/78 HPs)
             Began as a Minotaur Fighter on Mar 28, 2024.
             Was an Initiate of Gozag.
             Slain by a human
             ... wielding a +1 heavy hand axe
              (7 damage)
             ... in a bailey.
             The game lasted 00:16:46 (5510 turns).

Fodor the Cleaver (Minotaur Fighter)                Turns: 5510, Time: 00:16:47

Health: 0/78       AC: 12    Str: 25    XL:     9   Next: 42%
Magic:  8/8        EV:  8    Int: 11    God:    Gozag
Gold:   768        SH:  4    Dex: 10    Spells: 8/8 levels left

rFire   . . .        a - +0 war axe
rCold   + . .        c - +0 buckler
rNeg    . . .        j - +0 chain mail
rPois   .            (helmet restricted)
rElec   .            u - +0 cloak
rCorr   .            (no gloves)
SInv    .            (no boots)
Will    .....        (no amulet)
Stlth   x              - ring of Ynoem {rC+ Slay+2}
HPRegen 0.33/turn    r - +6 ring of intelligence
MPRegen 0.11/turn

%: no passive effects
@: gold aura
A: horns 2, retaliatory headbutt
a: Renounce Religion, Potion Petition, Call Merchant, Bribe Branch


You were in a bailey.
You worshipped Gozag.
Gozag was pleased with you.
You visited 2 branches of the dungeon, and saw 8 of its levels.
You also visited: Sewer and Bailey.

You collected 823 gold pieces.
You paid 55 gold pieces to Gozag.

Inventory:

Hand Weapons
 a - a +0 war axe (weapon)
Missiles
 o - 4 boomerangs (quivered)
Armour
 c - a +0 buckler (worn)
 j - a +0 chain mail (worn)
 m - a +0 plate armour
 u - a +0 cloak (worn)
Jewellery
 k - a ring of ice
 r - a +6 ring of intelligence (right hand)
 x - the ring of Ynoem (left hand) {rC+ Slay+2}
   (You found it on level 5 of the Dungeon)

   [ring of protection from cold]

   Slay+2:    It affects your accuracy & damage with ranged weapons and melee
   (+2).
   rC+:       It protects you from cold.
Wands
 n - a wand of roots (8)
Scrolls
 b - 3 scrolls of torment {unknown}
 e - 9 scrolls of identify {unknown}
 g - a scroll of blinking {unknown}
 h - 4 scrolls of teleportation {unknown}
 i - 3 scrolls of fear {unknown}
 s - a scroll of revelation {unknown}
 t - 3 scrolls of noise {unknown}
 v - a scroll of fog {unknown}
 y - a scroll of enchant weapon {unknown}
 B - 2 scrolls of vulnerability {unknown}
Potions
 d - 2 potions of might
 f - a potion of berserk rage {unknown}
 l - 2 potions of mutation {unknown}
 p - 3 potions of curing {unknown}
 q - 4 potions of enlightenment {unknown}
 w - 2 potions of heal wounds {unknown}
 z - a potion of attraction {unknown}
 A - a potion of haste {unknown}


   Skills:
 + Level 6.7 Fighting
 + Level 10.2 Axes
 + Level 2.7 Throwing
 + Level 8.8 Armour
 + Level 3.2 Dodging
 + Level 0.8 Stealth
 + Level 5.5 Shields


You had 8 spell levels left.
You didn't know any spells.
Your spell library was empty.

Dungeon Overview and Level Annotations

Branches:
Dungeon (7/15)             Temple (1/1) D:5           Sewer (visited)
 Bailey (1/1)

Altars:
Cheibriados
Fedhas
Gozag
Hepliaklqana
Kikubaaqudgha
Okawaru
Qazlal
Ru
Sif Muna
Uskayaw
Vehumet
Wu Jian
Xom
Yredelemnul
Zin
The Shining One


Innate Abilities, Weirdness & Mutations

You have a pair of horns on your head.
You reflexively headbutt those who attack you in melee.


Message History

The human hits you with a +2 heavy hand axe!
You hit the human. You headbutt the human.
You kill the human!
Your Axes skill increases to level 10!
Things that are here:
6 gold pieces; a +2 heavy hand axe; a +0 scale mail The human is no longer distracted by gold.
The human hits you with a +0 war axe!
* * * LOW HITPOINT WARNING * * *
The human hits you but does no damage. The human hits you with a +0 war axe.
* * * LOW HITPOINT WARNING * * *
A human comes into view. It is wielding a +1 heavy hand axe.
You completely miss the human. You headbutt the human!
The human is heavily wounded.
The human hits you but does no damage.
You slice the human!!
You kill the human!
Things that are here:
5 gold pieces; a +0 war axe; a +0 ring mail You barely miss the human.
You headbutt the human, but do no damage.
The human closely misses you. You furiously retaliate!
You headbutt the human. You slice the human!!
The human is severely wounded.
You hit the human.
The human is severely wounded.
The human hits you with a +1 heavy hand axe.
* * * LOW HITPOINT WARNING * * *
You hit the human.
The human is almost dead.
The human hits you with a +1 heavy hand axe!
* * * LOW HITPOINT WARNING * * *
You barely miss the human.
The human is almost dead.
You hit the human. Your headbutt misses the human.
The human is almost dead.
The human hits you with a +1 heavy hand axe!
You die...
Your body crumbles into a pile of gold.

#### #..+ ##
#..## #..
#...# #..
#...#
#..####.$.#
#....#..$$#
#..p...#'#+#
##..@.##...##
######.....#
#.∩.∩.#
#.....#
##...## #####


You could see a human.

Vanquished Creatures
  A shadow (D:5)
  A wyvern (D:5)
  3 humans (Bailey)
  A black bear (D:5)
  3 ice beasts
  A sky beast (D:7)
  An orc warrior (D:7)
  An ogre (D:4)
  3 phantoms
  A kobold brigand (D:7)
  Blork the orc (D:5)
  A bullfrog (D:6)
  A scorpion (D:6)
  2 bombardier beetles
  3 jellies
  3 hounds
  2 orc priests
  2 gnoll boudas
  A sleepcap (D:6)
  4 iguanas
  Ijyb (D:3)
  4 orc wizards
  A hell rat (Sewer)
  6 adders
  11 gnolls
  2 river rats (Sewer)
  2 white imps
  2 ufetubi (D:6)
  A ribbon worm (D:4)
  2 dart slugs
  16 orcs
  6 bats
  7 endoplasms
  6 giant cockroaches
  7 hobgoblins
  4 jackals (D:4)
  2 quokkas
  10 ball pythons
  3 frilled lizards
  10 goblins
  13 kobolds
  16 rats
168 creatures vanquished.

Vanquished Creatures (others)
  An orc wizard (D:6)
1 creature vanquished.

Grand Total: 169 creatures vanquished

Notes
Turn   | Place    | Note
-------+----------+-------------------------------------------
     0 | D:1      | Fodor the Minotaur Fighter began the quest for the Orb.
     0 | D:1      | Reached XP level 1. HP: 19/19 MP: 0/0
   104 | D:1      | Reached XP level 2. HP: 27/27 MP: 1/1
   655 | D:2      | Reached XP level 3. HP: 33/33 MP: 2/2
   876 | D:2      | Found a faded altar of an unknown god.
  1588 | D:3      | Reached XP level 4. HP: 38/40 MP: 3/3
  1607 | D:3      | Reached skill level 3 in Axes
  1607 | D:3      | Reached skill level 1 in Dodging
  1661 | D:3      | Found an ancient bone altar of Kikubaaqudgha.
  1665 | D:3      | Noticed Ijyb
  1679 | D:3      | Killed Ijyb
  1917 | D:3      | Reached XP level 5. HP: 47/47 MP: 4/4
  2238 | D:4      | Reached skill level 4 in Axes
  2238 | D:4      | Reached skill level 5 in Armour
  2328 | D:4      | Noticed an ice beast
  2335 | D:4      | Killed an ice beast
  2336 | D:4      | Reached XP level 6. HP: 44/53 MP: 5/5
  2508 | D:4      | Reached skill level 5 in Axes
  2574 | D:4      | Reached skill level 5 in Fighting
  2719 | D:4      | Reached skill level 1 in Throwing
  2908 | D:5      | Entered Level 5 of the Dungeon
  2908 | D:5      | Found a staircase to the Ecumenical Temple.
  2916 | Temple   | Entered the Ecumenical Temple
  2925 | Temple   | Became a worshipper of Gozag Ym Sagoz the Greedy
  2943 | D:5      | Reached XP level 7. HP: 56/61 MP: 6/6
  3111 | D:5      | Reached skill level 6 in Axes
  3272 | D:5      | Noticed a shadow
  3280 | D:5      | Killed a shadow
  3632 | D:5      | Noticed a wyvern
  3637 | D:5      | Killed a wyvern
  3638 | D:5      | Reached skill level 7 in Axes
  3644 | D:5      | Identified the ring of Ynoem {rC+ Slay+2}
  3692 | D:5      | Reached XP level 8. HP: 69/69 MP: 7/7
  3897 | D:5      | Noticed Blork the orc
  3905 | D:5      | Killed Blork the orc
  4101 | D:6      | Reached skill level 5 in Shields
  4120 | D:6      | Found a glowing drain.
  4147 | D:6      | Reached skill level 8 in Axes
  4162 | Sewer    | Entered a sewer
  4932 | D:6      | Reached skill level 9 in Axes
  5001 | D:6      | Reached XP level 9. HP: 69/75 MP: 8/8
  5259 | D:7      | Found a glowing silver altar of Zin.
  5456 | D:7      | Found a flagged portal.
  5478 | Bailey   | Entered a bailey
  5497 | Bailey   | Reached skill level 10 in Axes
  5510 | Bailey   | Slain by a human

Illustrated notes

Levels and vault maps discovered:
D:1:      dpeg_arrival_pits, layout_rooms, minmay_misc_feat_nine_boxes
D:2:      layout_basic, dreamdust_ecumenical_altar_statues, dk_vineyard_3,
          corexii_hall_statues_l, minmay_misc_feat_room, minmay_misc_feat_five,
          minivault_4
D:3:      layout_basic, mainiacjoe_overflow_alcove_1, supply_closet_lemuel,
          uniq_ijyb
D:4:      layout_cave_pools, kennysheep_generic_room_5
D:5:      layout_loops_corners, minmay_temple_entry_mist, chequers_arboretum,
          reono_crystal_passage, uniq_blork_the_orc
D:6:      layout_basic, portal_sewer_entry_f
D:7:      layout_loops_ring, lemuel_round_altar, kennysheep_mini_moat,
          enter_bailey_3, mrwooster_statue_mirror
Temple:   eino_temple_lava
Bailey:   bailey_axe_froggy_fort_hellmonk, bailey

Skill      XL: |  1  2  3  4  5  6  7  8  9 |
---------------+----------------------------+-----
Fighting       | 4 5 6 |  6.7
Shields        | 4 5 |  5.5
Armour         | 4 5 6 8 |  8.8
Axes           | 3 4 5 7 9 10 | 10.2
Dodging        | 1 2 3 |  3.2
Throwing       | 1 2 |  2.7
Stealth        | |  0.8

Action                     |  1- 3 |  4- 6 |  7- 9 || total
---------------------------+-------+-------+-------++-------
  Melee: War axe           |   104 |    80 |   245 ||   429
         Headbutt          |    14 |    19 |    53 ||    86
  Throw: Boomerang         |       |    10 |    21 ||    31
 Armour: Scale mail        |    86 |       |       ||    86
         Chain mail        |    36 |   125 |   232 ||   393
  Dodge: Dodged            |    53 |    30 |    88 ||   171
  Block: Buckler           |    45 |    24 |    70 ||   139

Table legend: (Time is in decaauts)
 A = Elapsed time spent in this place.
 B = Non-inter-level travel time spent in this place.
 C = Inter-level travel time spent in this place.
 D = Time resting spent in this place.
 E = Time spent auto-exploring this place.
 F = Levels seen in this place.
 G = Mean time per level.
                   A        B        C        D        E       F      G
               +--------+--------+--------+--------+--------+-----+--------+
         Total |   5661 |   5560 |    101 |    133 |   3667 |  10 |  566.1 |
       Dungeon |   5343 |   5242 |    101 |      0 |   3647 |   7 |  763.3 |
        Temple |     18 |     18 |      0 |      0 |      0 |   1 |   18.0 |
         Sewer |    266 |    266 |      0 |    133 |     19 |   1 |  266.0 |
        Bailey |     32 |     32 |      0 |      0 |      0 |   1 |   32.0 |
               +--------+--------+--------+--------+--------+-----+--------+

Top non-repeatable levels by time:
     D:5: 1184 daAuts
     D:2: 907 daAuts
     D:4: 839 daAuts
     D:6: 784 daAuts
     D:3: 619 daAuts
     D:1: 610 daAuts
     D:7: 397 daAuts
   Sewer: 266 daAuts
  Bailey: 32 daAuts
  Temple: 18 daAuts
